 Dungeon Sprint DCSS version 0.18.1-8-gdd0e5ea (webtiles) character file.

11519 pipel the Bludgeoner (level 11, 25/83 HPs)
             Began as a Gargoyle Berserker on May 21, 2016.
             Was the Champion of Trog.
             Quit the game in the Dungeon (Sprint IX: "|||||||||||||||||||||||||||||").
             The game lasted 00:09:49 (961 turns).

pipel the Bludgeoner (Gargoyle Berserker)            Turns: 961, Time: 00:09:49

Health: 25/83      AC: 34    Str: 24    XL:     11   Next: 79%
Magic:  10/11      EV: 10    Int: 11    God:    Trog [******]
Gold:   708        SH:  0    Dex:  9    Spells: 0 memorised, 10 levels left

rFire  . . .     SeeInvis .     a - +2 morningstar (protect)
rCold  . . .     Gourm    .     B - +0 plate armour
rNeg   + . .     Faith    .     (no shield)
rPois  ∞         Spirit   .     (no helmet)
rElec  +         Dismiss  .     n - +0 cloak
rCorr  .         Reflect  .     L - +0 pair of gloves
SustAt .         Harm     .     J - +0 pair of boots
MR     ++...     NoTele   +     (no amulet)
Stlth  ..........               q - +3 ring of intelligence
                                p - +2 ring of protection

@: regenerating, very resistant to hostile enchantments, extremely unstealthy
A: negative energy resistance 1, electricity resistance, unbreathing,
petrification resistance, rot immunity, AC +7
a: Berserk, Trog's Hand, Brothers in Arms, Burn Spellbooks, Renounce Religion


You were in the Dungeon.
You worshipped Trog.
Trog was exalted by your worship.
You were hungry.

You visited 1 branch You collected 708 gold pieces.

Inventory:

Hand Weapons
 a - a +2 morningstar of protection (weapon)
 b - a +0 blowgun
 m - a +0 mace
 A - a +4 antimagic great mace
 C - a +4 dire flail of crushing
 N - the +0 dire flail "Uzinub" {crush, +Fly rElec rC+++ MP-9}
   (Trog gifted it to you in the Dungeon)

   It inflicts extra damage upon your enemies.
   It renders you almost immune to cold.
   It insulates you from electricity.
   It affects your magic capacity (-9).
   It lets you fly.
Missiles
 r - 5 curare-tipped needles
 D - 3 needles of paralysis
 E - 4 steel javelins (quivered)
 M - 5 poisoned tomahawks
Armour
 n - a +0 cloak (worn)
 o - a +1 chain mail
 s - a +0 animal skin
 v - a +0 shield
 B - a +0 plate armour (worn)
 J - a +0 pair of boots (worn)
 K - a +0 cloak
 L - a +0 pair of gloves (worn)
Jewellery
 p - a +2 ring of protection (left hand)
 q - a +3 ring of intelligence (right hand)
Wands
 l - a wand of lightning (7/15)
Scrolls
 i - 2 scrolls of blinking
 k - 3 scrolls of remove curse
 w - a scroll of fog
 x - a scroll of identify
 y - 2 scrolls of enchant armour
 z - 4 scrolls of recharging
Potions
 d - 7 potions of curing
 e - 4 potions of heal wounds
 f - a potion of haste
 g - 4 potions of magic
 h - a potion of berserk rage
 j - a potion of invisibility
 t - 2 potions of cure mutation
 u - a potion of brilliance
Comestibles
 c - 13 bread rations
 F - 42 fruits
 G - a slice of pizza
 H - a beef jerky
 I - 12 meat rations
 O - a chunk of flesh


   Skills:
 + Level 16.2 Fighting
 + Level 16.4 Maces & Flails
 + Level 5.8 Throwing
 + Level 12.8 Armour
 + Level 10.0 Dodging
 - Level 5.0 Stealth


You had 10 spell levels left.
You didn't know any spells.

Dungeon Overview and Level Annotations

Branches:
Dungeon (1/1)

Altars:
Cheibriados
Dithmenos
Elyvilon
Fedhas
Gozag
Kikubaaqudgha
Makhleb
Nemelex Xobeh
Okawaru
Pakellas
Qazlal
Ru
Sif Muna
Trog
Vehumet
Xom
Yredelemnul
Zin
The Shining One
Beogh
Jiyva
Lugonu


Innate Abilities, Weirdness & Mutations

You are resistant to torment.
Your stone body is resilient (AC +7).
You are immune to poison.
You resist negative energy.
You are resistant to electric shocks.
You can survive without breathing.
You are immune to petrification.
You are immune to rotting.


Message History

You hit the orc warrior but do no damage.
The orc warrior no longer looks unusually strong.
The orc warrior hits you but does no damage. x2
You thump the orc warrior!
The orc warrior is heavily wounded.
The orc warrior no longer looks unusually strong.
The orc warrior hits you but does no damage.
You bludgeon the orc warrior!!
You kill the orc warrior!
Trog accepts your kill.
The orc warrior hits you from afar with an enchanted halberd!
* * * LOW HITPOINT WARNING * * *
You take 16 damage, and have 19/83 hp.
You are too injured to fight recklessly!
There is an open door, spattered with blood here.
Things that are here:
a long sword; a plate armour; an orc corpse The orc warrior curses noisily.
You regained 2 hp, and now have 23/83 hp.
Are you sure you want to abandon this character and quit the game? (Confirm with "yes".)

▓$▓.▓)▓.▓_▓
▓$▓.▓.▓.▓_▓
▓o▓.▓.▓.▓_▓
▓)▓.▓.▓.▓_▓
▓o▓.▓.▓.▓_▓
▓o▓.▓.▓.▓_▓
▓.▓.▓.▓.▓_▓
▓.▓.▓†▓.▓_▓
▓@▓.▓.▓.▓_▓
▓.▓.▓†▓.▓_▓
▓)▓.▓'▓.▓_▓
▓)▓.▓.▓.▓_▓
▓)▓.▓.▓.▓_▓
▓)▓.▓.▓.▓_▓
▓)▓.▓.▓.▓_▓
▓[▓.▓.▓.▓'▓
▓)▓.▓.▓.▓.▓


You could see 3 orc warriors.

Vanquished Creatures
  A hydra (D)
  A catoblepas (D)
  6 death yaks (D)
  Sonja (D)
  3 orc knights (D)
  A cyclops (D)
  A black mamba (D)
  A torpor snail (D)
  A spiny frog (D)
  2 komodo dragons (D)
  A rime drake (D)
  A boulder beetle (D)
  2 yaks (D)
  A wyvern (D)
  2 hippogriffs (D)
  3 water moccasins (D)
  A porcupine (D)
  An ice beast (D)
  4 orc warriors (D)
  An eye of draining (D)
  A necrophage (D)
  2 crocodiles (D)
  2 giant frogs (D)
  A howler monkey (D)
  3 orc wizards (D)
  An orc priest (D)
  2 adders (D)
  2 river rats (D)
  An adder skeleton (D)
  2 giant geckos (D)
  An orc (D)
  A goblin (D)
  A hobgoblin (D)
  A jackal (D)
  A ball python skeleton (D)
  A bat (D)
  A giant newt (D)
  A quokka zombie (D)
60 creatures vanquished.

Vanquished Creatures (collateral kills)
  An orc knight (D)
  An orc wizard (D)
  4 orcs (D)
6 creatures vanquished.

Grand Total: 66 creatures vanquished

Notes
Turn   | Place    | Note
--------------------------------------------------------------
     0 | D        | pipel the Gargoyle Berserker began the quest for the Orb.
     0 | D        | Reached XP level 1. HP: 14/14 MP: 1/1
    18 | D        | Reached ** piety under Trog
    25 | D        | Reached XP level 2. HP: 19/20 MP: 2/2
    35 | D        | Reached *** piety under Trog
    43 | D        | Reached skill level 5 in Fighting
    43 | D        | Reached XP level 3. HP: 23/26 MP: 3/3
    57 | D        | Found a glowing silver altar of Zin.
    57 | D        | Found a glowing golden altar of the Shining One.
    57 | D        | Found an ancient bone altar of Kikubaaqudgha.
    57 | D        | Found a basalt altar of Yredelemnul.
    57 | D        | Found a shimmering altar of Xom.
    57 | D        | Found a radiant altar of Vehumet.
    58 | D        | Found an iron altar of Okawaru.
    59 | D        | Found a burning altar of Makhleb.
    60 | D        | Found a deep blue altar of Sif Muna.
    61 | D        | Found a bloodstained altar of Trog.
    63 | D        | Found a sparkling altar of Nemelex Xobeh.
    64 | D        | Found a white marble altar of Elyvilon.
    65 | D        | Found a roughly hewn altar of Beogh.
    66 | D        | Found a viscous altar of Jiyva.
    67 | D        | Found a corrupted altar of Lugonu.
    68 | D        | Found a blossoming altar of Fedhas.
    69 | D        | Found a snail-covered altar of Cheibriados.
    70 | D        | Found a shadowy altar of Dithmenos.
    71 | D        | Found a stormy altar of Qazlal.
    72 | D        | Found an opulent altar of Gozag.
    73 | D        | Found a sacrificial altar of Ru.
    74 | D        | Found an oddly glowing altar of Pakellas.
   120 | D        | Noticed a wyvern
   120 | D        | Noticed a yak
   120 | D        | Noticed an ice beast
   125 | D        | Reached **** piety under Trog
   125 | D        | Reached skill level 5 in Maces & Flails
   125 | D        | Reached skill level 1 in Stealth
   125 | D        | Reached XP level 4. HP: 31/31 MP: 4/4
   129 | D        | Killed an ice beast
   129 | D        | Reached XP level 5. HP: 38/38 MP: 5/5
   137 | D        | Killed a yak
   137 | D        | Reached skill level 5 in Dodging
   137 | D        | Reached XP level 6. HP: 45/45 MP: 6/6
   155 | D        | Killed a wyvern
   155 | D        | Reached ***** piety under Trog
   155 | D        | Reached skill level 5 in Armour
   155 | D        | Reached XP level 7. HP: 42/52 MP: 7/7
   172 | D        | Noticed a cyclops
   188 | D        | Reached skill level 10 in Fighting
   195 | D        | Reached skill level 10 in Maces & Flails
   197 | D        | Killed a cyclops
   197 | D        | Reached XP level 8. HP: 60/60 MP: 1/8
   219 | D        | Noticed Sonja
   232 | D        | Killed Sonja
   232 | D        | Reached XP level 9. HP: 38/65 MP: 6/9
   328 | D        | Noticed a komodo dragon
   328 | D        | Noticed a spiny frog
   331 | D        | Noticed a black mamba
   343 | D        | Received a gift from Trog
   346 | D        | Killed a spiny frog
   348 | D        | Killed a komodo dragon
   348 | D        | Reached ****** piety under Trog
   348 | D        | Received a gift from Trog
   355 | D        | Killed a black mamba
   396 | D        | Noticed a torpor snail
   396 | D        | Noticed a rime drake
   396 | D        | Noticed a komodo dragon
   409 | D        | Reached skill level 10 in Armour
   422 | D        | Killed a komodo dragon
   422 | D        | Received a gift from Trog
   422 | D        | Reached XP level 10. HP: 63/73 MP: 8/10
   451 | D        | Killed a torpor snail
   451 | D        | Reached skill level 1 in Throwing
   510 | D        | Noticed a five-headed hydra
   520 | D        | Killed a five-headed hydra
   520 | D        | Received a gift from Trog
   548 | D        | Noticed a death yak
   548 | D        | Noticed a death yak
   548 | D        | Noticed a death yak
   548 | D        | Noticed a death yak
   548 | D        | Noticed a death yak
   549 | D        | Noticed a catoblepas
   570 | D        | Killed a death yak
   570 | D        | Received a gift from Trog
   578 | D        | Noticed a death yak
   585 | D        | Killed a death yak
   594 | D        | Killed a death yak
   594 | D        | Reached XP level 11. HP: 67/80 MP: 11/11
   613 | D        | Killed a death yak
   613 | D        | Reached skill level 15 in Fighting
   613 | D        | Reached skill level 15 in Maces & Flails
   617 | D        | Killed a death yak
   620 | D        | Killed a catoblepas
   625 | D        | Received a gift from Trog
   625 | D        | Reached skill level 5 in Throwing
   637 | D        | Killed a death yak
   637 | D        | Reached skill level 5 in Stealth
   793 | D        | Noticed an orc knight
   798 | D        | Received a gift from Trog
   812 | D        | Killed an orc knight
   825 | D        | Received a gift from Trog
   838 | D        | Noticed an orc knight
   849 | D        | Killed an orc knight
   849 | D        | Received a gift from Trog
   850 | D        | Got a faintly glowing dire flail {god gift}
   882 | D        | Identified the +0 dire flail "Uzinub" {crush, +Fly rElec rC+++ MP-9} (Trog gifted it to you in the Dungeon)
   927 | D        | Noticed an orc knight
   927 | D        | Noticed an orc knight
   938 | D        | Killed an orc knight
   950 | D        | Killed an orc knight
   950 | D        | Reached skill level 10 in Dodging
   961 | D        | Quit the game

Skill      XL: |  1  2  3  4  5  6  7  8  9 10 11 |
---------------+----------------------------------+-----
Fighting       | 4 5 7 8 9 11 12 13 14 16 | 16.2
Maces & Flails | 4 5 6 8 9 10 11 13 14 16 | 16.4
Dodging        | 2 4 5 7 8 9 10 | 10.0
Armour         | 3 4 5 7 8 10 11 12 | 12.8
Stealth        | 1 2 3 4 5 |  5.0
Throwing       | 3 5 |  5.8

Action                   |  1- 3 |  4- 6 |  7- 9 | 10-12 || total
-------------------------+-------+-------+-------+-------++-------
Melee: Mace              |    40 |       |       |       ||    40
       Morningstar       |     4 |    28 |    79 |   150 ||   261
 Fire: Blowgun           |       |       |     4 |    14 ||    18
Invok: Trog's Hand       |     2 |       |     3 |     5 ||    10
       Berserk           |     1 |       |     2 |     4 ||     7
       Brothers in Arms  |       |       |       |     1 ||     1
  Use: Potion            |       |     1 |       |       ||     1
       Scroll            |       |       |     1 |       ||     1
 Stab: Sleeping          |     1 |       |       |       ||     1
       Petrified         |       |       |       |     2 ||     2
       Petrifying        |       |       |       |     1 ||     1
  Eat: Chunk             |       |       |     2 |     7 ||     9
Armor: Animal skin       |    17 |       |       |       ||    17
       Chain mail        |     2 |    20 |    48 |    55 ||   125
       Plate armour      |       |       |       |     9 ||     9
Dodge: Dodged            |    28 |    14 |    42 |    52 ||   136
